Map: Frost LE

Players

ShoWTimE - Winner!

  • Race: Protoss Protoss

uThermal

  • Race: Terran Terran
  • League: Diamond

Event: WCS Copa Intercontinental

VOD

https://youtu.be/-F2i0I00yNY

Description

Time

  • Played on: Sept. 11, 2016, 2:38 p.m.
  • Length: 9:59

All games in this series

Show
View Real Time Build Order
Export as new Build Order

ShoWTimE Protoss - Winner!

Build Orders: 1 Gate Expand 

Get SALT Encoding   

  12  0:01  Probe (Chrono Boost)  
  13  0:11  Probe (Chrono Boost)  
  14  0:18  Pylon  
  14  0:22  Probe (Chrono Boost)  
  15  0:36  Probe (Chrono Boost)  
  15  0:38  Gateway  
  16  0:43  Assimilator  
  16  0:47  Probe (Chrono Boost)  
  17  0:58  Probe (Chrono Boost)  
  18  1:08  Probe (Chrono Boost)  
  19  1:20  Nexus  
  19  1:24  Probe (Chrono Boost)  
  20  1:32  Cybernetics Core  
  20  1:36  Probe (Chrono Boost)  
  21  1:40  Assimilator  
  21  1:46  Probe (Chrono Boost)  
  22  1:52  Pylon  
  22  1:57  Probe (Chrono Boost)  
  23  2:03  Warp Gate  
  23  2:06  Adept  
  23  2:11  Probe (Chrono Boost)  
  26  2:26  Mothership Core (Chrono Boost)  
  27  2:33  Probe (Chrono Boost)  
  28  2:40  Robotics Facility  
  28  2:44  Probe (Chrono Boost)  
  28  2:46  Probe (Chrono Boost)  
  28  2:49  Stalker  
  30  2:55  Probe (Chrono Boost)  
  34  2:59  Probe (Chrono Boost)  
  35  3:05  Probe (Chrono Boost)  
  35  3:10  Gateway  
  35  3:11  Probe (Chrono Boost)  
  35  3:12  Gateway  
  36  3:16  Probe (Chrono Boost)  
  36  3:18  Stalker  
  39  3:24  Probe (Chrono Boost)  
  41  3:27  Observer, Probe (Chrono Boost)  
  41  3:32  Pylon  
  40  3:36  Probe (Chrono Boost)  
  40  3:38  Pylon  
  40  3:39  Probe (Chrono Boost)  
  42  3:46  Pylon  
  42  3:47  Observer  
  43  3:48  Probe (Chrono Boost)  
  43  3:51  Probe (Chrono Boost)  
  45  4:00  Probe (Chrono Boost)  
  47  4:03  Probe (Chrono Boost)  
  47  4:06  Stalker x2  
  51  4:12  Stalker  
  51  4:13  Probe (Chrono Boost)  
  51  4:16  Probe (Chrono Boost)  
  53  4:25  Probe (Chrono Boost)  
  53  4:28  Probe (Chrono Boost)  
  54  4:33  Assimilator  
  54  4:35  Assimilator  
  54  4:37  Probe (Chrono Boost)  
  55  4:41  Probe (Chrono Boost)  
  55  4:45  Twilight Council  
  56  4:47  Forge  
  56  4:49  Probe (Chrono Boost)  
  58  4:53  Probe (Chrono Boost)  
  58  4:54  Stalker  
  58  4:55  Stalker  
  63  5:01  Probe (Chrono Boost)  
  63  5:06  Probe (Chrono Boost)  
  64  5:07  Blink  
  64  5:10  Protoss Ground Weapons Level 1  
  64  5:13  Observer, Pylon  
  64  5:18  Nexus  
  64  5:20  Pylon  
  67  5:29  Probe (Chrono Boost)  
  67  5:30  Probe (Chrono Boost)  
  67  5:36  Warp Prism  
  67  5:41  Probe (Chrono Boost)  
  67  5:42  Probe (Chrono Boost)  
  71  5:45  Stalker  
  71  5:46  Stalker  
  75  5:52  Pylon  
  75  5:53  Probe (Chrono Boost)  
  75  5:54  Probe (Chrono Boost)  
  77  5:58  Dark Shrine  
  78  6:05  Sentry, Probe (Chrono Boost)  
  78  6:06  Probe (Chrono Boost)  
  78  6:09  Sentry  
  83  6:14  Observer  
  83  6:15  Pylon  
  83  6:17  Probe (Chrono Boost)  
  86  6:18  Probe (Chrono Boost)  
  86  6:21  Gateway  
  86  6:23  Gateway  
  85  6:33  Stalker x3  
  90  6:50  Gateway  
  90  6:52  Probe (Chrono Boost), Gateway  
  90  6:53  Probe (Chrono Boost), Gateway  
  90  6:54  Probe (Chrono Boost)  
  93  7:02  Stalker x2  
  93  7:07  Probe x2 (Chrono Boost), Resonating Glaives, Protoss Ground Armor Level 1  
  98  7:09  Probe (Chrono Boost)  
  99  7:17  Immortal  
  99  7:19  Probe x2 (Chrono Boost)  
  105  7:25  Probe (Chrono Boost)  
  105  7:26  Dark Templar  
  109  7:30  Dark Templar  
  109  7:31  Probe (Chrono Boost)  
  109  7:35  Sentry, Adept  
  115  7:39  Pylon  
  115  7:42  Adept  
  117  7:55  Probe (Chrono Boost)  
  118  7:59  Probe (Chrono Boost)  
  118  8:01  Adept x2  
  118  8:02  Adept  
  123  8:05  Adept x2  
  123  8:08  Pylon  
  123  8:11  Pylon  
  123  8:25  Immortal  
  125  8:29  Pylon  
  125  8:31  Pylon  
  125  8:33  Adept x2  
  125  8:34  Adept x6  
  135  8:41  Pylon  
  139  8:42  Pylon  
  137  8:55  Sentry, Adept x4  
  147  9:02  Adept x2  
  149  9:08  Adept  
  153  9:13  Observer  
  153  9:23  Adept x5  
  153  9:24  Adept x2  
  165  9:28  Pylon  
  165  9:30  Pylon  
Show
View Real Time Build Order
Export as new Build Order

uThermal Terran 

Build Orders: 1/1/1, Liberator Opening, MMM Bio 

Get SALT Encoding   

  12  0:01  SCV  
  13  0:14  SCV  
  14  0:17  Supply Depot  
  14  0:26  SCV  
  15  0:32  Refinery  
  15  0:39  SCV  
  16  0:44  Barracks  
  16  0:51  SCV  
  17  1:03  SCV  
  18  1:15  SCV  
  19  1:31  Marine, Orbital Command  
  20  1:34  Factory  
  20  1:41  Supply Depot  
  20  1:49  Marine  
  21  1:57  SCV  
  22  2:09  Command Center  
  22  2:12  Marine  
  23  2:21  Starport  
  23  2:24  Widow Mine  
  23  2:28  SCV  
  26  2:30  Marine  
  26  2:36  Supply Depot  
  27  2:40  SCV  
  28  2:48  Marine  
  29  2:52  SCV  
  29  2:58  Medivac, Hellion  
  32  3:03  Refinery  
  33  3:05  Marine  
  33  3:07  SCV  
  35  3:19  Hellion  
  38  3:20  SCV  
  38  3:23  Liberator  
  38  3:24  Orbital Command  
  38  3:32  SCV  
  42  3:41  Marine  
  42  3:44  SCV  
  42  3:48  Supply Depot  
  44  3:50  SCV  
  45  3:56  SCV  
  45  4:00  Barracks Reactor  
  46  4:03  SCV  
  46  4:08  SCV  
  48  4:15  SCV  
  48  4:20  SCV  
  48  4:23  Factory Tech Lab  
  48  4:24  Starport Tech Lab  
  46  4:25  Barracks  
  46  4:26  Barracks  
  46  4:27  SCV  
  45  4:32  SCV  
  45  4:34  Supply Depot  
  45  4:37  Marine x2  
  48  4:39  SCV  
  48  4:44  SCV  
  50  4:52  Liberator  
  50  4:53  SCV  
  50  4:55  Marine  
  50  4:58  Marine  
  50  4:59  SCV  
  54  5:00  Factory Reactor, Refinery  
  54  5:02  Bunker, Engineering Bay  
  54  5:05  SCV  
  52  5:11  SCV  
  56  5:16  Barracks  
  56  5:19  Barracks  
  56  5:21  Marauder x2  
  60  5:22  Stimpack  
  60  5:23  SCV  
  61  5:29  Marine x2  
  61  5:34  Bunker  
  63  5:41  SCV x2  
  63  5:42  Supply Depot  
  65  5:45  Marauder x2  
  65  5:46  Factory Reactor  
  69  5:51  Terran Infantry Weapons Level 1  
  69  5:52  Refinery  
  69  5:53  SCV  
  70  6:03  Marine x2  
  70  6:04  Medivac, SCV  
  75  6:05  Supply Depot  
  75  6:06  Marauder  
  77  6:12  Supply Depot  
  77  6:15  Supply Depot  
  77  6:17  Barracks Tech Lab, Barracks Reactor  
  77  6:18  Marine  
  78  6:25  Marine  
  78  6:26  Marine  
  78  6:27  Medivac  
  78  6:30  Marine  
  80  6:35  Medivac  
  80  6:36  Marine, Marauder  
  80  6:39  Widow Mine  
  87  6:42  Marine  
  87  6:44  Widow Mine  
  87  6:46  Marine  
  91  6:48  Marine  
  92  6:54  Missile Turret  
  92  6:57  Missile Turret  
  92  6:58  Marine  
  93  7:05  Medivac  
  93  7:07  Marine  
  93  7:08  Marine, Marauder  
  98  7:09  Marine  
  98  7:12  Widow Mine  
  102  7:19  Widow Mine, Marine  
  102  7:21  Supply Depot  
  105  7:24  Medivac  
  105  7:27  Marine  
  110  7:33  Combat Shields  
  110  7:34  Marine x2  
  110  7:35  Concussive Shells  
  110  7:43  Marine x4  
  114  7:45  Medivac, Marine  
  114  7:53  Marine  
  114  7:54  Medivac  
  114  7:56  Widow Mine  
  106  8:01  Marine, Marauder  
  103  8:08  Marine  
  101  8:18  SCV  
  98  8:26  Missile Turret  
  97  8:28  Marine  
  97  8:30  Marine  
  97  8:32  Marine  
  100  8:34  Marine  
  100  8:37  Marine  
  100  8:39  Marine  
  103  8:43  Marine  
  103  8:46  Marine  
  105  8:48  Widow Mine  
  105  8:50  Widow Mine  
  105  8:53  Marine  
  110  8:57  Marine  
  110  8:58  Marine  
  110  9:02  Marine x2  
  111  9:06  Marine  
  111  9:07  Marine  
  114  9:14  Marine  
  115  9:18  Widow Mine  
  115  9:21  Marine  
  118  9:27  Supply Depot  
  118  9:30  Marauder  
  116  9:35  Marine  
  116  9:36  Marauder  
  109  9:40  Marine  
Tags
 
Add a new tag
Caveats
  • Supply blocks, unpowered buildings, or Contaminate may cause inaccurate times.
  • Supply counts are checked every 10 seconds.